 Dungeon Crawl Stone Soup version 0.27-a0-890-ged2907cb04 (webtiles) character file.

Game seed: 11838922746042054976

420 P0NYSLAYSTATION the Poker (level 7, 0/53 HPs)
             Began as a Human Fighter on Apr 5, 2021.
             Was a Believer of Yredelemnul.
             Slain by an ogre
             ... wielding a +0 giant club
              (19 damage)
             ... on level 5 of the Dungeon.
             The game lasted 00:15:50 (5448 turns).

P0NYSLAYSTATION the Poker (Human Fighter)           Turns: 5448, Time: 00:15:51

Health: 0/53       AC: 10    Str: 24    XL:     7   Next: 16%
Magic:  17/17      EV:  8    Int:  8    God:    Yredelemnul [**....]
Gold:   112        SH: 10    Dex: 13    Spells: 6/6 levels left

rFire    . . .     SeeInvis .   a - +0 trident
rCold    . . .     Faith    .   c - +0 kite shield
rNeg     . . .     Spirit   .   b - +0 scale mail
rPois    .         Reflect  .   (no helmet)
rElec    .         Harm     .   u - +0 cloak
rCorr    .         Rampage  .   n - +1 pair of gloves
Will     .....                  (no boots)
Stlth    ..........             (no amulet)
HPRegen  0.17/turn              j - ring of magical power
MPRegen  0.15/turn              s - +6 ring of strength

@: mirroring injuries
A: no striking features
a: Renounce Religion, Animate Remains, Recall Undead Slaves, Injury Mirror


You were on level 5 of the Dungeon.
You worshipped Yredelemnul.
Yredelemnul was pleased with you.
You visited 2 branches of the dungeon, and saw 6 of its levels.

You collected 112 gold pieces.

Inventory:

Hand Weapons
 a - a +0 trident (weapon)
 d - a +2 vampiric whip
 v - a +0 mace of draining
 w - a +4 quarterstaff of chaos
Missiles
 l - 8 atropa-tipped darts (quivered)
 x - 8 boomerangs
Armour
 b - a +0 scale mail (worn)
 c - a +0 kite shield (worn)
 n - a +1 pair of gloves (worn)
 u - a +0 cloak (worn)
Jewellery
 j - a ring of magical power (left hand)
 s - a +6 ring of strength (right hand)
 A - a +4 ring of protection
Scrolls
 e - a scroll of holy word {unknown}
 f - 2 scrolls of fear {unknown}
 g - a scroll of noise {unknown}
 k - a scroll of vulnerability {unknown}
 m - a scroll of identify {unknown}
 o - 2 scrolls of magic mapping {unknown}
 p - 2 scrolls of immolation {unknown}
 t - a scroll of brand weapon {unknown}
 y - a scroll of enchant weapon {unknown}
Potions
 h - 2 potions of heal wounds {unknown}
 i - a potion of degeneration {unknown}
 q - 3 potions of mutation {unknown}
 r - a potion of brilliance {unknown}
 z - a potion of lignification {unknown}
 B - 2 potions of attraction {unknown}


   Skills:
 + Level 3.7 Fighting
 + Level 4.3 Polearms
 + Level 0.1 Throwing
 + Level 4.2 Armour
 + Level 0.6 Dodging
 + Level 4.2 Shields
 + Level 2.6 Invocations


You had 6 spell levels left.
You didn't know any spells.
Your spell library contained the following spells:

 Spells                   Type           Power      Damage    Failure   Level
 Summon Small Mammal      Summ           0%         N/A       99%         1
 Call Imp                 Summ           0%         N/A       99%         2
 Call Canine Familiar     Summ           0%         N/A       100%        3
 Summon Guardian Golem    Hex/Summ       0%         N/A       100%        3
 Summon Ice Beast         Ice/Summ       0%         N/A       100%        4
 Summon Lightning Spire   Summ/Air       0%         N/A       100%        4


Dungeon Overview and Level Annotations

Branches:
Dungeon (5/15)             Temple (1/1) D:4

Altars:
Ashenzari
Cheibriados
Fedhas
Gozag
Hepliaklqana
Kikubaaqudgha
Makhleb
Okawaru
Qazlal
Ru
Sif Muna
Trog
Uskayaw
Vehumet
Wu Jian
Xom
Yredelemnul
Zin
The Shining One


Message History

The poisoned dart barely misses the ogre.
Throw: 4 darts (poison)
Press: ? - help, Q - select action, (/) - cycle Shift-Dir - straight line, f/p - ogre
Aim: an ogre, wielding a +0 giant club (73% to hit)
You throw a poisoned dart.
The poisoned dart barely misses the ogre.
Throw: 3 darts (poison)
Press: ? - help, Q - select action, (/) - cycle Shift-Dir - straight line, f/p - ogre
Aim: an ogre, wielding a +0 giant club (73% to hit)
You throw a poisoned dart. The poisoned dart hits the ogre.
Throw: 2 darts (poison)
Press: ? - help, Q - select action, (/) - cycle Shift-Dir - straight line, f/p - ogre
Aim: an ogre, wielding a +0 giant club (72% to hit)
You throw a poisoned dart. The poisoned dart hits the ogre.
Throw: dart (poison)
Press: ? - help, Q - select action, (/) - cycle Shift-Dir - straight line, f/p - ogre
Aim: an ogre, wielding a +0 giant club (73% to hit)
You throw a poisoned dart. The poisoned dart hits the ogre.
You block the ogre's attack.
You puncture the ogre!
The ogre is heavily wounded.
The ogre hits you but does no damage.
You completely miss the ogre.
The ogre is heavily wounded.
The ogre closely misses you.
Your scale mail prevents you from hitting the ogre.
The ogre is heavily wounded.
The ogre closely misses you.
You hit the ogre.
The ogre is heavily wounded.
The ogre hits you with a +0 giant club!
You barely miss the ogre.
The ogre is heavily wounded.
The ogre hits you with a +0 giant club!!
You are too injured to fight recklessly!
You offer yourself to Yredelemnul, and are filled with unholy energy.
There is a stone staircase leading up here.
The ogre hits you with a +0 giant club!!
You die...
Your body rises from the dead as a mindless zombie. .# (# (# (# (# (# ##########.# .......@O..# ############

You could see an ogre.

Vanquished Creatures
  A black bear (D:4)
  An orc priest (D:3)
  Crazy Yiuf (D:3)
  An orc wizard (D:3)
  9 gnolls
  2 adders
  A worm (D:3)
  2 dart slugs
  9 orcs
  6 ball pythons
  7 bats
  5 endoplasms
  5 giant cockroaches
  3 goblins
  6 hobgoblins
  6 jackals
  8 kobolds
  A quokka (D:1)
  3 frilled lizards (D:1)
  5 rats
82 creatures vanquished.

Vanquished Creatures (collateral kills)
  A hound (D:3)
  An iguana (D:4)
  A gnoll (D:4)
  2 orcs (D:4)
  A goblin (D:3)
  2 hobgoblins
  A quokka (D:2)
9 creatures vanquished.

Vanquished Creatures (others)
  A black bear zombie (D:4)
  A dart slug zombie (D:4)
  3 gnoll zombies (D:4)
  A jackal zombie (D:3)
  4 orc zombies
  A rat zombie (D:3)
11 creatures vanquished.

Grand Total: 102 creatures vanquished

Notes
Turn   | Place    | Note
-------+----------+-------------------------------------------
     0 | D:1      | P0NYSLAYSTATION the Human Fighter began the quest for the
                  | Orb.
     0 | D:1      | Reached XP level 1. HP: 18/18 MP: 1/1
   329 | D:4      | Reached XP level 2. HP: 13/24 MP: 2/2
   539 | D:4      | Found a staircase to the Ecumenical Temple.
   560 | Temple   | Entered the Ecumenical Temple
  1003 | Temple   | Became a worshipper of Yredelemnul the Dark
  1192 | D:1      | Reached XP level 3. HP: 29/29 MP: 3/3
  1687 | D:1      | Reached XP level 4. HP: 29/35 MP: 4/4
  2548 | D:2      | Reached * piety under Yredelemnul
  2928 | D:2      | Reached XP level 5. HP: 32/41 MP: 5/5
  3390 | D:3      | Found a runed translucent door.
  3391 | D:3      | Noticed Crazy Yiuf
  3433 | D:3      | Killed Crazy Yiuf
  3944 | D:4      | Noticed a black bear
  3954 | D:4      | Killed a black bear
  3955 | D:4      | Reached skill level 1 in Invocations
  3955 | D:4      | Reached XP level 6. HP: 25/47 MP: 7/7
  4159 | D:4      | Found a shimmering blue altar of Sif Muna.
  4718 | D:3      | Reached XP level 7. HP: 53/53 MP: 8/8
  4800 | D:3      | Reached ** piety under Yredelemnul
  5432 | D:5      | Entered Level 5 of the Dungeon
  5448 | D:5      | Slain by an ogre

Illustrated notes

Levels and vault maps discovered:
D:1:      evilmike_arrival_hilbert_curve, layout_basic, grunt_decor_one_mirror,
          feat_on_display
D:2:      layout_basic, minmay_unequal
D:3:      layout_basic, uniq_crazy_yiuf_cottage
D:4:      layout_basic, overflow_temple_1_default, temple_green,
          dk_noncrumbling_2, hangedman_decor_growths
D:5:      layout_loops_ring, gammafunk_ghost_split, minmay_crystal_water,
          hangedman_abyss_or_decor_lesser_grid, uniq_prince_ribbit1
Temple:   dpeg_five_rooms_temple

Skill      XL: |  1  2  3  4  5  6 |
---------------+-------------------+-----
Polearms       | 3 4 |  4.3
Armour         | 4 |  4.2
Shields        | 4 |  4.2
Invocations    | 1 2 |  2.6
Fighting       | |  3.7
Throwing       | |  0.1
Dodging        | |  0.6

Action                   |  1- 3 |  4- 6 |  7- 9 || total
-------------------------+-------+-------+-------++-------
Melee: Trident           |    94 |   143 |    36 ||   273
Throw: Dart              |       |     3 |     5 ||     8
       Boomerang         |       |     2 |     1 ||     3
Invok: Animate Remains   |       |    18 |     4 ||    22
       Injury Mirror     |       |       |     1 ||     1
  Use: Potion            |       |     1 |       ||     1
Armor: Scale mail        |    44 |    42 |    10 ||    96
Dodge: Dodged            |    23 |    31 |     5 ||    59
Block: Kite shield       |    51 |    56 |    12 ||   119

Table legend: (Time is in decaauts)
 A = Elapsed time spent in this place.
 B = Non-inter-level travel time spent in this place.
 C = Inter-level travel time spent in this place.
 D = Time resting spent in this place.
 E = Time spent auto-exploring this place.
 F = Levels seen in this place.
 G = Mean time per level.
                   A        B        C        D        E       F      G
               +--------+--------+--------+--------+--------+-----+--------+
         Total |   5560 |   5207 |    353 |    126 |   4272 |   6 |  926.7 |
       Dungeon |   5087 |   4763 |    324 |    126 |   3832 |   5 | 1017.4 |
        Temple |    472 |    443 |     29 |      0 |    440 |   1 |  472.0 |
               +--------+--------+--------+--------+--------+-----+--------+

Top non-repeatable levels by time:
     D:4: 1505 daAuts
     D:1: 1234 daAuts
     D:3: 1172 daAuts
     D:2: 1157 daAuts
  Temple: 472 daAuts
     D:5: 18 daAuts
